 Dungeon Crawl Stone Soup version 0.32-a0-818-gb728d0252e (webtiles) character file.

Game seed: 12121307154823670882

3730 Xavori the Ducker (level 10, -15/65 HPs)
             Began as a Djinni Chaos Knight on Mar 24, 2024.
             Was a Plaything of Xom.
             Killed by the air
             ... invoked by Gastronok
              (22 damage)
             ... on level 9 of the Dungeon.
             The game lasted 00:08:28 (14711 turns).

Xavori the Ducker (Djinni Chaos Knight)            Turns: 14711, Time: 00:08:28

Health: -15/65     AC:  7    Str: 11    XL:     10   Next: 36%
Gold:   569        EV: 17    Int: 13    God:    Xom [.....*] SH: 12 Dex: 28

rFire   + + +        k - +0 demon blade
rCold   x . .        v - +2 buckler
rNeg    . . .        D - +0 steam dragon scales
rPois   ∞            (helmet unavailable)
rElec   .            y - +0 cloak
rCorr   .            (no gloves)
SInv    .            (boots unavailable)
Will    +....        l - amulet of reflection
Stlth   ++           u - +6 ring of dexterity
HPRegen 0.30/turn    (no ring)
MPRegen 0.00/turn

%: random rage (3%), reflection, infuse magic (-16 HP)
@: flying
A: sickness immunity, fire resistance 3, cold vulnerability 1, float, innate
caster, HP casting, extra vitality 1, horns 3, agile 2, berserk 1, frail 1, wild
magic 1, MP-powered wands, persistent drain
a: Renounce Religion


You were on level 9 of the Dungeon.
You worshipped Xom.
You were Xom's teddy bear.
You visited 1 branch of the dungeon, and saw 9 of its levels.

You collected 569 gold pieces.

Inventory:

Hand Weapons
 a - a +0 falchion of chaos
 k - a +0 demon blade (weapon)
Armour
 b - a +2 leather armour
 v - a +2 buckler (worn)
 y - a +0 cloak (worn)
 D - +0 steam dragon scales (worn)
Jewellery
 l - an amulet of reflection (around neck)
 u - a +6 ring of dexterity (left hand)
Wands
 x - a wand of acid (6)
 E - a wand of charming (11)
Scrolls
 c - 3 scrolls of butterflies
 e - 6 scrolls of teleportation
 h - 3 scrolls of immolation
 j - a scroll of fog
 n - 3 scrolls of enchant weapon
 q - 3 scrolls of vulnerability
 r - 3 scrolls of enchant armour
 w - a scroll of blinking
 A - a scroll of revelation
 B - a scroll of fear
 C - a scroll of silence
Potions
 d - 3 potions of heal wounds {unknown}
 f - 3 potions of brilliance {unknown}
 g - a potion of ambrosia {unknown}
 i - 5 potions of lignification
 m - 2 potions of attraction {unknown}
 o - a potion of haste {unknown}
 p - 3 potions of mutation {unknown}
 s - 3 potions of curing {unknown}
 t - 2 potions of enlightenment {unknown}
 z - a potion of cancellation {unknown}


   Skills:
 + Level 6.4 Fighting
 + Level 5.9 Long Blades
 + Level 5.7 Armour
 + Level 6.6 Dodging
 * Level 6.5 Spellcasting
 * Level 6.5 Conjurations
 * Level 6.5 Hexes
   Level 0.0 Charms
 * Level 6.5 Summonings
 * Level 6.5 Necromancy
 * Level 6.5 Translocations
   Level 0.0 Transmutations
 * Level 6.5 Fire Magic
 * Level 6.5 Ice Magic
 * Level 6.5 Air Magic
 * Level 6.5 Earth Magic
 * Level 6.5 Alchemy


You knew the following spells:

 Your Spells              Type           Power      Damage    Failure   Level
a - Slow                  Hex            100%       N/A       3%          1
b - Jinxbite              Hex            54%        N/A       4%          2
c - Hailstorm             Conj/Ice       27%        3d8       8%          3
d - Frozen Ramparts       Ice            54%        1d9       8%          3
Your spell library was empty.

Dungeon Overview and Level Annotations

Branches:
Dungeon (9/15)             Temple (0/1) D:6
   Lair: D:8-11         Orc: D:9-12

Altars:
Gozag
Nemelex Xobeh
Okawaru
Qazlal
Ru
Xom
Zin

Shops:
D:5 (   D:7 *   D:8 =?*!

Annotations:
D:9 Gastronok


Innate Abilities, Weirdness & Mutations

You are immune to sickness and miasma.
You are immune to poison.
Your flesh is almost immune to the effects of heat. (rF+++)
You are vulnerable to cold. (rC-)
You float through the air rather than walking.
You learn spells naturally, not from books.
Your magical power is your life essence.
You have superior vitality. (+4 MHP)
You have a pair of large horns on your head.
You are very agile. (Dex +8, Str/Int -2)
You sometimes lose your temper in combat.
You are frail. (-10% HP)
Your spells are a little harder to cast, but a little more powerful.
You expend health (3 HP) to strengthen your wands.
Your health recovers twice as slowly from being drained.


Message History

Press: ? - help, Shift-Dir - straight line, f/p - Gastronok
Aim: Gastronok, wearing a +2 hat of intelligence (lightly wounded, covering ground quickly, 100% to hit)
You feel a surge of power!
The bolt of acid hits Gastronok!!
Gastronok is lightly wounded.
Unknown command.
Aiming: Corrosive Bolt
Press: ? - help, Shift-Dir - straight line, f/p - Gastronok
Aim: Gastronok, wearing a +2 hat of intelligence (lightly wounded, covering ground quickly, 100% to hit)
You feel a surge of power!
The bolt of acid hits Gastronok.
Gastronok is moderately wounded.
Gastronok bites you!!
You are too injured to fight recklessly!
Aiming: Corrosive Bolt
Press: ? - help, Shift-Dir - straight line, f/p - Gastronok
Aim: Gastronok, wearing a +2 hat of intelligence (moderately wounded, covering ground quickly, 100% to hit)
You feel a surge of power!
The bolt of acid hits Gastronok.
Gastronok is moderately wounded.
Unknown command.
Aiming: Corrosive Bolt
Press: ? - help, Shift-Dir - straight line, f/p - Gastronok
Aim: Gastronok, wearing a +2 hat of intelligence (moderately wounded, covering ground quickly, 100% to hit)
You feel a surge of power!
The bolt of acid hits Gastronok!
The acid corrodes Gastronok!
Gastronok is moderately wounded.
Gastronok waves his eye-stalks in wide circles.
The air twists around and strikes you!!
You die... "Oh, no, you don't!"
Xom revives you!
Blink to where?
Press: ? - help, Dir - move target, p - Gastronok
As you read the scroll of blinking, it crumbles to dust.
You are now Xom's teddy bear.
Gastronok casts a spell.
Gastronok is no longer covered in acid.
Gastronok waves his eye-stalks in wide circles.
The air twists around and strikes you!!
You die...
Gastronok gurgles, "Time to dig in!"
Xom roars with laughter!

### #<# #.# #@#
#.# #.# #.# #r#
#### #.#
###>.w##r#######
#..[...w........
#..#.....r#.#####


You could see Gastronok (swift) and 2 river rats.

Vanquished Creatures
  Amaemon (D:8)
  Pikel (D:5)
  An orange demon (D:8)
  A wyvern (D:7)
  A steam dragon (D:6)
  Grum (D:8)
  2 water moccasins
  A sky beast (D:6)
  2 black bears (D:7)
  3 wolves (D:8)
  A kobold brigand (D:8)
  2 gnoll sergeants
  2 scorpions
  5 killer bees (D:8)
  2 howler monkeys (D:5)
  A jelly (D:5)
  A bombardier beetle (D:5)
  4 hounds
  An iguana (D:4)
  3 sleepcaps
  2 orc priests
  2 orc wizards
  Terence (D:2)
  8 gnolls
  7 adders
  A shadow imp (D:5)
  2 white imps
  2 ufetubi (D:6)
  3 dart slugs (D:2)
  3 ribbon worms
  14 orcs
  3 bats (D:2)
  9 endoplasms
  3 giant cockroaches
  6 hobgoblins
  8 jackals
  4 kobolds
  2 quokkas (D:2)
  4 ball pythons
  2 frilled lizards
  7 goblins
  7 rats
136 creatures vanquished.

Vanquished Creatures (collateral kills)
  2 kobolds (D:8)
  A ball python (D:1)
3 creatures vanquished.

Vanquished Creatures (others)
  An eldritch tentacle (D:8)
1 creature vanquished.

Grand Total: 140 creatures vanquished

Notes
Turn   | Place    | Note
-------+----------+-------------------------------------------
     0 | D:1      | Xavori the Djinni Chaos Knight began the quest for the Orb.
     0 | D:1      | Reached XP level 1. HP: 20/20 MP: 0/0
   121 | D:1      | XOM: confuse monster(s)
   127 | D:1      | Reached XP level 2. HP: 22/25 MP: 0/0
   165 | D:1      | XOM: silly message
   223 | D:1      | Reached XP level 3. HP: 27/30 MP: 0/0
   223 | D:1      | Learned a level 1 spell: Slow
   332 | D:1      | Reached skill level 1 in Spellcasting
   332 | D:1      | Reached skill level 1 in Conjurations
   332 | D:1      | Reached skill level 1 in Hexes
   332 | D:1      | Reached skill level 1 in Summonings
   332 | D:1      | Reached skill level 1 in Necromancy
   332 | D:1      | Reached skill level 1 in Translocations
   332 | D:1      | Reached skill level 1 in Fire Magic
   332 | D:1      | Reached skill level 1 in Ice Magic
   332 | D:1      | Reached skill level 1 in Air Magic
   332 | D:1      | Reached skill level 1 in Earth Magic
   332 | D:1      | Reached skill level 1 in Alchemy
   373 | D:1      | Found a faded altar of an unknown god.
   420 | D:1      | XOM: divination: detect items
  1133 | D:1      | XOM: summons 2 hostile demons
  1190 | D:2      | Noticed Terence
  1190 | D:2      | XOM: 1-stop teleportation journey
  1192 | D:2      | Killed Terence
  1193 | D:2      | Reached XP level 4. HP: 34/35 MP: 0/0
  1281 | D:2      | XOM: give mutations
  1281 | D:2      | Gained mutation: You are weak. (Str -2) [Xom's mischief]
  1281 | D:2      | Lost mutation: You are weak. (Str -2) [Xom's mischief]
  2012 | D:2      | XOM: smoke on damage
  2014 | D:2      | XOM: noise
  2030 | D:2      | Reached XP level 5. HP: 38/40 MP: 0/0
  2030 | D:2      | Learned a level 2 spell: Jinxbite
  2331 | D:1      | XOM: give mutation
  2331 | D:1      | Gained mutation: You are partially covered in iridescent
                  | scales. (AC +2) [Xom's mischief]
  2436 | D:1      | XOM: stat loss: -1 Dex (13/14)
  2763 | D:1      | XOM: summons 1 hostile demon
  2804 | D:2      | XOM: summons 4 hostile shadow creatures
  2855 | D:2      | XOM: draining
  3060 | D:1      | XOM: give mutations
  3060 | D:1      | Gained mutation: You passively map a small area around you.
                  | [Xom's mischief]
  3060 | D:1      | Gained mutation: Your muscles are strong. (Str +4, Int/Dex
                  | -1) [Xom's mischief]
  3060 | D:1      | Lost mutation: You passively map a small area around you.
                  | [Xom's mischief]
  3060 | D:1      | Lost mutation: Your muscles are strong. (Str +4, Int/Dex
                  | -1) [Xom's mischief]
  3608 | D:1      | XOM: give mutation
  3608 | D:1      | Gained mutation: Your spells are a little easier to cast,
                  | but a little less powerful. [Xom's mischief]
  3699 | D:1      | XOM: give mutations
  3699 | D:1      | Gained mutation: You sometimes lose your temper in combat.
                  | [Xom's mischief]
  4674 | D:1      | XOM: give mutations
  4674 | D:1      | Gained mutation: You are frail. (-10% HP) [Xom's mischief]
  4674 | D:1      | Gained mutation: You are agile. (Dex +4, Str/Int -1) [Xom's
                  | mischief]
  4674 | D:1      | Gained mutation: You have an uncontrollable temper. [Xom's
                  | mischief]
  4697 | D:1      | XOM: summons 1 hostile demon
  4698 | D:1      | Noticed a rust devil
  4810 | D:2      | XOM: noise
  5076 | D:1      | XOM: summons 2 hostile shadow creatures
  6153 | D:1      | XOM: draining
  6286 | D:1      | XOM: summons 2 hostile shadow creatures
  6625 | D:1      | XOM: summons 3 hostile demons
  6913 | D:2      | XOM: divination: detect items
  7154 | D:1      | XOM: summons 3 hostile demons
  7227 | D:2      | XOM: divination: detect creatures
  7251 | D:2      | XOM: god gift: book of Misfortune
  7353 | D:1      | XOM: give mutations
  7353 | D:1      | Gained mutation: You passively map a small area around you.
                  | [Xom's grace]
  7353 | D:1      | Gained mutation: You are very agile. (Dex +8, Str/Int -2)
                  | [Xom's grace]
  7378 | D:1      | XOM: scenery: summon butterflies
  7384 | D:1      | XOM: polymorph butterfly -> river rat
  7437 | D:1      | XOM is BORED!
  7592 | D:1      | XOM: cloud trail
  7771 | D:1      | XOM: scenery: create altars
  7904 | D:1      | XOM: scenery: summon butterflies
  8237 | D:1      | XOM: scenery: create altars
  8522 | D:1      | XOM: god gift: scroll labelled ZENIXKO ESAAPN {god gift}
  8753 | D:1      | XOM: divination: detect creatures
  8857 | D:1      | XOM: cloud trail
  9219 | D:1      | XOM: scenery: summon butterflies
  9344 | D:1      | XOM: give mutation
  9344 | D:1      | Gained mutation: You have a pair of small horns on your
                  | head. [Xom's mischief]
 10079 | D:3      | Found a sacrificial altar of Ru.
 10155 | D:3      | XOM is BORED!
 10155 | D:3      | XOM: stat loss: -2 Str (7/9)
 10466 | D:4      | Reached XP level 6. HP: 38/40 MP: 0/0
 10629 | D:3      | XOM: give mutations
 10629 | D:3      | Lost mutation: You are partially covered in iridescent
                  | scales. (AC +2) [Xom's mischief]
 10629 | D:3      | Gained mutation: Your health recovers twice as slowly from
                  | being drained. [Xom's mischief]
 10629 | D:3      | Gained mutation: Your muscles are strong. (Str +4, Int/Dex
                  | -1) [Xom's mischief]
 10629 | D:3      | Lost mutation: You passively map a small area around you.
                  | [Xom's mischief]
 10846 | D:5      | Entered Level 5 of the Dungeon
 11011 | D:5      | Found a sparkling altar of Nemelex Xobeh.
 11053 | D:5      | Reached XP level 7. HP: 45/45 MP: 0/0
 11053 | D:5      | Learned a level 3 spell: Hailstorm
 11080 | D:5      | XOM: god gift: 35 gold pieces
 11097 | D:5      | Identified the +2 dagger of Youthful Indiscretion {drain,
                  | *Noise rN+ Str-3 Int+8}
 11117 | D:5      | XOM: cloud trail
 11123 | D:5      | Found an opulent altar of Gozag.
 11322 | D:5      | XOM: give mutations
 11322 | D:5      | Gained mutation: You have a pair of horns on your head.
                  | [Xom's grace]
 11322 | D:5      | Gained mutation: You are resistant to electric shocks.
                  | (rElec) [Xom's grace]
 11322 | D:5      | Gained mutation: You passively dampen the noise of your
                  | surroundings. [Xom's grace]
 11446 | D:5      | XOM: cloud trail
 11706 | D:5      | XOM: god gift: glowing amethyst potion {god gift}
 11778 | D:5      | XOM: scenery: summon butterflies
 11836 | D:5      | XOM: give mutations
 11836 | D:5      | Lost mutation: Your spells are a little easier to cast, but
                  | a little less powerful. [Xom's grace]
 11836 | D:5      | Gained mutation: You expend health (3 HP) to strengthen
                  | your wands. [Xom's grace]
 11836 | D:5      | Gained mutation: Your spells are a little harder to cast,
                  | but a little more powerful. [Xom's grace]
 11836 | D:5      | Gained mutation: You have hidden genetic potential. [Xom's
                  | grace]
 11918 | D:5      | XOM: give mutations
 11918 | D:5      | Lost mutation: Your muscles are strong. (Str +4, Int/Dex
                  | -1) [Xom's mischief]
 11918 | D:5      | Gained mutation: You have a pair of large horns on your
                  | head. [Xom's mischief]
 11918 | D:5      | Lost mutation: You are resistant to electric shocks.
                  | (rElec) [Xom's mischief]
 11936 | D:5      | Found Tutyboh's Antique Weapon Shop.
 12081 | D:5      | Noticed Pikel
 12092 | D:5      | XOM: enchant monster (bad)
 12099 | D:5      | XOM: smoke on damage
 12105 | D:5      | Killed Pikel
 12106 | D:5      | Reached XP level 8. HP: 6/52 MP: 0/0
 12110 | D:5      | Gained mutation: You passively map a small area around you.
                  | [hidden potential]
 12381 | D:6      | XOM: give mutations
 12381 | D:6      | Lost mutation: You have hidden genetic potential. [Xom's
                  | mischief]
 12381 | D:6      | Lost mutation: You passively dampen the noise of your
                  | surroundings. [Xom's mischief]
 12459 | D:6      | Reached skill level 5 in Fighting
 12630 | D:6      | Found a staircase to the Ecumenical Temple.
 12715 | D:6      | XOM: torment (28/53 hp)
 12997 | D:7      | Reached skill level 5 in Dodging
 13023 | D:7      | Found a stormy altar of Qazlal.
 13085 | D:7      | Reached XP level 9. HP: 53/58 MP: 0/0
 13085 | D:7      | Learned a level 3 spell: Frozen Ramparts
 13146 | D:7      | Found an iron altar of Okawaru.
 13183 | D:7      | Found Nuckoti's Gadget Gallery.
 13399 | D:7      | Reached skill level 5 in Spellcasting
 13399 | D:7      | Reached skill level 5 in Conjurations
 13399 | D:7      | Reached skill level 5 in Hexes
 13399 | D:7      | Reached skill level 5 in Summonings
 13399 | D:7      | Reached skill level 5 in Necromancy
 13399 | D:7      | Reached skill level 5 in Translocations
 13399 | D:7      | Reached skill level 5 in Fire Magic
 13399 | D:7      | Reached skill level 5 in Ice Magic
 13399 | D:7      | Reached skill level 5 in Air Magic
 13399 | D:7      | Reached skill level 5 in Earth Magic
 13399 | D:7      | Reached skill level 5 in Alchemy
 13547 | D:7      | Found a glowing silver altar of Zin.
 13560 | D:7      | Reached skill level 5 in Long Blades
 13680 | D:7      | XOM: give mutation
 13680 | D:7      | Gained mutation: Your flesh is almost immune to the effects
                  | of heat. (rF+++) [Xom's mischief]
 14054 | D:8      | XOM: noise
 14106 | D:8      | XOM: confuse monster(s)
 14116 | D:8      | XOM: swap monsters
 14132 | D:8      | Reached skill level 5 in Armour
 14174 | D:8      | Noticed an orange demon
 14175 | D:8      | XOM: enchant monster (bad)
 14176 | D:8      | Noticed Amaemon
 14181 | D:8      | XOM: potion effect (curing)
 14184 | D:8      | XOM: confusion (+ monsters)
 14191 | D:8      | XOM: cast spell 'Malign Gateway'
 14210 | D:8      | Killed Amaemon
 14211 | D:8      | Reached XP level 10. HP: 64/64 MP: 0/0
 14213 | D:8      | XOM: confusion
 14214 | D:8      | XOM: noise
 14215 | D:8      | Noticed Grum
 14222 | D:8      | Killed Grum
 14222 | D:8      | Killed an orange demon
 14224 | D:8      | XOM: summons friendly iron imp
 14442 | D:8      | Found Laum's Jewellery Boutique.
 14474 | D:8      | Found Sunuc's General Store.
 14475 | D:8      | Found Xyargh's Distillery.
 14513 | D:8      | XOM: give mutations
 14513 | D:8      | Lost mutation: You passively map a small area around you.
                  | [Xom's mischief]
 14513 | D:8      | Lost mutation: You have an uncontrollable temper. [Xom's
                  | mischief]
 14668 | D:8      | Found Qala's Magic Scroll Shop.
 14697 | D:9      | Noticed Gastronok
 14704 | D:9      | Xom revived you
 14711 | D:9      | Killed from afar by Gastronok

Illustrated notes

Levels and vault maps discovered:
D:1:      dpeg_arrival_boxorama, layout_basic, basic_ecumenical_altar,
          nicolae_grassy_gnolls
D:2:      minmay_chambers_of_twos, layout_basic, chequers_serial_rivers_small_3,
          minmay_misc_feat_more_columns, uniq_terence
D:3:      layout_loops_ring, mainiacjoe_overflow_alcove_4,
          mainiacjoe_overflow_tiny_flanked
D:4:      layout_cave_pools
D:5:      layout_loops_ring, mainiacjoe_overflow_surrounded_room,
          nicolae_gozag_cash_rules_everything_around_me, serial_shops,
          kennysheep_mini_moat, serial_co_window_serial, co_window_corner_a,
          co_window_paths_a, co_window_corner_a, co_window_paths_a,
          co_window_paths_a, co_window_paths_a, co_window_paths_b,
          co_window_paths_b, co_window_corner_a, co_window_corner_b,
          co_window_paths_c, co_window_paths_c, co_window_2corner,
          co_window_broadway_c, glass_columns_a, glass_columns_b, uniq_pikel
D:6:      layout_rooms, lemuel_temple_firewalk_b
D:7:      layout_cave_pods, old_standard_altar, mainiacjoe_overflow_24_doors,
          zin_statuary, grunt_decor_junction, nicolae_shop_gadgets
D:8:      layout_rooms, serial_shops, nicolae_shop_rolled_up, shop,
          nicolae_shop_hallway_stairs, nicolae_shop_tiny_glass,
          hangedman_abyss_or_decor_lesser_grid, uniq_amaemon, uniq_grum
D:9:      layout_basic, mainiacjoe_overflow_six_doors_small,
          yredelemnul_forgotten_temple_becter, kennysheep_small_square,
          uniq_gastronok, uniq_prince_ribbit1, uniq_jeremiah

Skill      XL: |  1  2  3  4  5  6  7  8  9 |
---------------+----------------------------+-----
Spellcasting   | 1 2 4 6 |  6.5
Conjurations   | 1 2 4 6 |  6.5
Hexes          | 1 2 4 6 |  6.5
Summonings     | 1 2 4 6 |  6.5
Necromancy     | 1 2 4 6 |  6.5
Translocations | 1 2 4 6 |  6.5
Fire Magic     | 1 2 4 6 |  6.5
Ice Magic      | 1 2 4 6 |  6.5
Air Magic      | 1 2 4 6 |  6.5
Earth Magic    | 1 2 4 6 |  6.5
Alchemy        | 1 2 4 6 |  6.5
Long Blades    | 3 4 5 |  5.9
Armour         | 2 3 4 5 |  5.7
Dodging        | 3 4 5 6 |  6.6
Fighting       | 4 5 6 |  6.4

Action                     |  1- 3 |  4- 6 |  7- 9 | 10-12 || total
---------------------------+-------+-------+-------+-------++-------
  Melee: Falchion          |    56 |    14 |       |       ||    70
         Demon blade       |       |   171 |   138 |    15 ||   324
         Headbutt          |       |    15 |    26 |     1 ||    42
         Unarmed           |       |       |    21 |     2 ||    23
   Cast: Hailstorm         |       |       |    10 |     3 ||    13
  Evoke: Wand              |       |       |       |     5 ||     5
    Use: Scroll            |       |     1 |    11 |     1 ||    13
         Potion            |       |       |     1 |       ||     1
   Stab: Sleeping          |     2 |     4 |     3 |       ||     9
         Confused          |     1 |       |       |       ||     1
 Armour: Leather armour    |    50 |   115 |    37 |       ||   202
         Steam dragon scal |       |       |    24 |     7 ||    31
         Skin              |       |       |    29 |    20 ||    49
  Dodge: Dodged            |    45 |   110 |    65 |    17 ||   237
  Block: Other             |       |    36 |       |       ||    36
         Reflection        |       |     2 |     1 |       ||     3
         Buckler           |       |    11 |   109 |    34 ||   154

Table legend: (Time is in decaauts)
 A = Elapsed time spent in this place.
 B = Non-inter-level travel time spent in this place.
 C = Inter-level travel time spent in this place.
 D = Time resting spent in this place.
 E = Time spent auto-exploring this place.
 F = Levels seen in this place.
 G = Mean time per level.
                   A        B        C        D        E       F      G
               +--------+--------+--------+--------+--------+-----+--------+
         Total |  14939 |  14624 |    315 |   8390 |   5041 |   9 | 1659.9 |
       Dungeon |  14939 |  14624 |    315 |   8390 |   5041 |   9 | 1659.9 |
               +--------+--------+--------+--------+--------+-----+--------+

Top non-repeatable levels by time:
     D:1: 7515 daAuts
     D:2: 2077 daAuts
     D:5: 1529 daAuts
     D:7: 972 daAuts
     D:8: 805 daAuts
     D:3: 742 daAuts
     D:6: 676 daAuts
     D:4: 597 daAuts
     D:9: 22 daAuts
